 Dungeon Crawl Stone Soup version 0.20-a0-893-g832831a (webtiles) character file.

125 hittemvvvvhard the Skirmisher (level 4, 0/41 HPs)
             Began as a Minotaur Fighter on Mar 17, 2017.
             Was an Initiate of Zin.
             Slain by Natasha (7 damage)
             ... on level 2 of the Dungeon.
             The game lasted 00:04:15 (1467 turns).

hittemvvvvhard the Skirmisher (Minotaur Fighter)    Turns: 1467, Time: 00:04:16

Health: 0/41       AC:  6    Str: 19 (22) XL:     4   Next: 82%
Magic:  3/3        EV:  7    Int:  3 (5)  God:    Zin [......]
Gold:   76         SH:  9    Dex:  8 (9)  Spells: 3/3 levels left

rFire    . . .     SeeInvis .   a - +0 long sword
rCold    . . .     Gourm    .   b - +0 scale mail
rNeg     . . .     Faith    .   c - +0 shield
rPois    .         Spirit   .   (helmet restricted)
rElec    .         Reflect  .   (no cloak)
rCorr    .         Harm     .   (no gloves)
MR       .....                  (no boots)
Stlth    ..........             (no amulet)
Regen    0.2/turn               (no ring)
MPRegen  0.1/turn               (no ring)

@: slowed, very slow
A: retaliatory headbutt, horns 2
a: Donate Gold, Renounce Religion


You were on level 2 of the Dungeon.
You worshipped Zin.
Zin was noncommittal.
You were hungry.

You visited 1 branch of the dungeon, and saw 2 of its levels.

You collected 84 gold pieces.
You donated 8 gold pieces to Zin.

Inventory:

Hand Weapons
 a - a +0 long sword (weapon)
Missiles
 h - a throwing net (quivered)
Armour
 b - a +0 scale mail (worn)
 c - a +0 shield (worn)
Scrolls
 e - 3 scrolls of enchant armour {unknown}
 j - 2 scrolls of fog {unknown}
 m - a scroll of identify {unknown}
 o - 2 scrolls of fear {unknown}
Potions
 d - a potion of might
 i - 2 potions of degeneration
 k - a potion of curing {unknown}
 n - a potion of lignification {unknown}
Comestibles
 f - 2 bread rations
 g - a meat ration


   Skills:
 + Level 4.9 Fighting
 * Level 4.4 Long Blades
 - Level 3.6 Armour
 + Level 4.4 Shields


You had 3 spell levels left.
You didn't know any spells.

Dungeon Overview and Level Annotations

Branches:
Dungeon (2/15)

Altars:
Nemelex Xobeh
Zin

Shops:
D:2 *

Annotations:
D:2 Natasha


Innate Abilities, Weirdness & Mutations

You reflexively headbutt those who attack you in melee.
You have a pair of horns on your head.


Message History

Natasha is heavily wounded.
The crimson imp blinks!
Natasha closely misses you.
Natasha stares at you and mumbles some strange words.
You resist with some effort.
Your shield and scale mail prevent you from hitting Natasha.
Natasha is heavily wounded.
Natasha barely misses you.
The crimson imp blinks!
Natasha claws you.
You miss Natasha. You headbutt Natasha, but do no damage.
Natasha is heavily wounded.
Natasha mumbles some strange words.
Natasha claws you!
* * * LOW HITPOINT WARNING * * *
Okay, then.
Okay, then.
Okay, then.
Unknown command.
You closely miss Natasha.
Natasha is heavily wounded.
Natasha claws you!
You die...

#.......(((.......#
#
...##......####...#
# #..##..# ....####
#..##..### .......
#. #.........
.....#.
....###.##..###
..##.#.
#......l.......
#.>[
#.#####h#######
#... #@# ## #...
#.# #.## #)#. #.#
#<###.#.
#†######.###.#....
#<$.†S..# ##.....
########.# #.#...#
#.###... #.# #..#.
## #.##.


You could see Natasha and a leopard gecko.

Vanquished Creatures
  Terence (D:2)
  Natasha (twice) (D:2)
  A gnoll (D:1)
  2 adders (D:2)
  A leopard gecko (D:1)
  2 giant cockroaches
  2 goblins (D:1)
  7 hobgoblins
  A kobold (D:2)
  A ball python (D:1)
  2 bats (D:2)
  3 rats (D:2)
25 creatures vanquished.

Notes
Turn   | Place    | Note
-------+----------+-------------------------------------------
     0 | D:1      | hittemvvvvhard the Minotaur Fighter began the quest for the Orb.
     0 | D:1      | Reached XP level 1. HP: 19/19 MP: 0/0
   191 | D:1      | Reached XP level 2. HP: 27/27 MP: 1/1
   553 | D:1      | Found a sparkling altar of Nemelex Xobeh.
   624 | D:2      | Noticed Terence
   634 | D:2      | Killed Terence
   634 | D:2      | Reached XP level 3. HP: 31/34 MP: 2/2
   757 | D:2      | Noticed Natasha
   767 | D:2      | Killed Natasha
   767 | D:2      | Reached XP level 4. HP: 32/41 MP: 3/3
   885 | D:2      | Found Zin's Purification Station.
   887 | D:2      | Found a glowing silver altar of Zin.
   902 | D:2      | Became a worshipper of Zin the Law-Giver
  1084 | D:2      | Noticed Natasha
  1098 | D:2      | Killed Natasha
  1453 | D:2      | Noticed Natasha
  1467 | D:2      | Slain by Natasha

Vault maps used:
D:1:      dpeg_arrival_chambers_temple_mockup, nemelex_altar_shiori
D:2:      zin_purify, first_bread, uniq_natasha, uniq_terence

Skill      XL: |  1  2  3  4 |
---------------+-------------+-----
Fighting       | 4 |  4.9
Long Blades    | 3 4 |  4.4
Shields        | 4 |  4.4
Armour         | |  3.6

Action                   |  1- 3 |  4- 6 || total
-------------------------+-------+-------++-------
Melee: Long sword        |    52 |    34 ||    86
       Headbutt          |     8 |     7 ||    15
  Use: Potion            |       |     2 ||     2
  Eat: Chunk             |       |     1 ||     1
Armor: Scale mail        |    16 |     8 ||    24
Dodge: Dodged            |    11 |    13 ||    24
Block: Shield            |    30 |    16 ||    46
       Rpst.: Long sword |     2 |     4 ||     6
